 Dungeon Crawl Stone Soup version 0.20-a0-809-gaf7f668 (webtiles) character file.

15095 Alarkh the Carver (level 11, -6/73 HPs)
             Began as a Demonspawn Fighter on Mar 2, 2017.
             Was an Elder of Hepliaklqana.
             Mangled by a six-headed hydra (12 damage)
             ... on level 12 of the Dungeon.
             The game lasted 00:14:41 (12197 turns).

Alarkh the Carver (Demonspawn Fighter)             Turns: 12197, Time: 00:14:42

Health: -6/73      AC: 15    Str: 21    XL:     11   Next: 97%
Magic:  11/11      EV: 13    Int: 13    God:    Hepliaklqana [****..]
Gold:   375        SH: 10    Dex: 13    Spells: 10/10 levels left

rFire    + . .     SeeInvis .   a - +0 long sword
rCold    + . .     Gourm    .   E - +1 ring mail {MR+}
rNeg     . . .     Faith    .   c - +0 shield
rPois    .         Spirit   .   u - +0 helmet
rElec    .         Reflect  .   y - scarf {rC+}
rCorr    .         Harm     .   t - +0 pair of gloves
MR       +....                  x - +1 pair of boots
Stlth    +.........             (no amulet)
Regen    0.3/turn               B - +1 ring of evasion
MPRegen  0.2/turn               m - ring of protection from fire

@: mighty
A: reduced essence, talons 2, thin metallic scales 2, powered by pain 2
a: Recall Ancestor, Ancestor Identity, Transference, Idealise, Renounce Religion


You were on level 12 of the Dungeon.
You worshipped Hepliaklqana.
Hepliaklqana was greatly pleased with you.
You were not hungry.

You visited 2 branches of the dungeon, and saw 13 of its levels.

You collected 375 gold pieces.

Inventory:

Hand Weapons
 a - a +0 long sword (weapon)
 b - a +2 dagger of venom
 v - a +2 vampiric long sword
Armour
 c - a +0 shield (worn)
 t - a +0 pair of gloves (worn)
 u - a +0 helmet (worn)
 x - a +1 pair of boots (worn)
 y - a scarf of cold resistance (worn)
 E - a +1 ring mail of magic resistance (worn)
Jewellery
 m - a ring of protection from fire (left hand)
 B - a +1 ring of evasion (right hand)
Scrolls
 e - 4 scrolls of identify
 g - 3 scrolls of magic mapping
 h - 2 scrolls of blinking
 l - 4 scrolls of teleportation
 n - 2 scrolls of fog
 o - a scroll of noise
 q - a scroll of random uselessness
 r - 4 scrolls of amnesia
 z - 2 scrolls of remove curse
 C - 2 scrolls of immolation {unknown}
 D - a scroll of enchant weapon {unknown}
Potions
 d - 2 potions of might
 p - a potion of resistance
 s - 3 potions of curing
 w - 3 potions of flight
Comestibles
 f - 7 bread rations
 i - 5 royal jellies
 j - 6 meat rations
 k - 5 fruits


   Skills:
 + Level 6.3 Fighting
 * Level 14.9 Long Blades
 + Level 5.8 Armour
 + Level 5.3 Dodging
 + Level 5.8 Shields


You had 10 spell levels left.
You didn't know any spells.

Dungeon Overview and Level Annotations

Branches:
Dungeon (13/15)            Temple (1/1) D:4            Lair (0/6) D:9
    Orc: D:9-12      Vaults: D:13-14

Altars:
Ashenzari
Cheibriados
Dithmenos
Elyvilon
Fedhas
Gozag
Hepliaklqana
Kikubaaqudgha
Makhleb
Nemelex Xobeh
Okawaru
Qazlal
Ru
Sif Muna
Trog
Uskayaw
Vehumet
Wu Jian
Xom
Yredelemnul
Zin
The Shining One


Innate Abilities, Weirdness & Mutations

You have razor-sharp toenails.
You are mostly covered in thin metallic scales. (AC +3)
You sometimes gain power by taking damage.
Your life essence is reduced. (-10% HP)


Message History

The killer bee closely misses you.
You riposte.
You miss the killer bee.
The killer bee is severely wounded.
You block the yak's attack. You block the killer bee's attack.
The yak closely misses you. The killer bee stings you.
You block the six-headed hydra's attack.
The six-headed hydra bites you!
You block the six-headed hydra's attack.
The six-headed hydra bites you!
* * * LOW HITPOINT WARNING * * *
You block the six-headed hydra's attack.
The six-headed hydra bites you but does no damage.
You block the killer bee's attack. The six-headed hydra misses you.
You block the six-headed hydra's attack.
The six-headed hydra bites you but does no damage.
The six-headed hydra bites you!
* * * LOW HITPOINT WARNING * * *
The six-headed hydra completely misses you.
The six-headed hydra bites you!
You die...

.###..........#
#.###.####.# #
#.# ##y####
#u....#
##.....#.
#Y.Y.....#
#yDY...#.#
#@.Y.......
#..#....####.
###.#...# .
...# . ...#
...# ... ##.


You could see a six-headed hydra, a cyan ugly thing, 4 yaks and 2 killer bees.

Vanquished Creatures
  Harold (D:10)
  A two-headed ogre (D:8)
  A kobold demonologist (D:9)
  A hippogriff (D:9)
  A soldier ant (D:10)
  A sky beast (D:7)
  An ice beast (D:5)
  A phantom (D:4)
  2 necrophages
  4 ogres
  2 centaurs
  A bullfrog (D:9)
  Blork the orc (D:5)
  7 big kobolds
  2 scorpions (D:4)
  9 killer bees (D:9)
  2 howler monkeys (D:8)
  A crimson imp (D:7)
  6 hounds
  Crazy Yiuf (D:5)
  2 jellies
  3 orc priests
  2 orc wizards (D:8)
  3 iguanas
  7 worker ants
  A killer bee zombie (D:9)
  2 hound zombies
  A hound skeleton (D:8)
  A howler monkey zombie (D:8)
  9 adders
  9 gnolls
  5 shadow imps
  2 oozes
  An adder skeleton (D:8)
  An adder zombie (D:7)
  3 worms
  A dart slug (D:5)
  3 leopard geckos
  22 orcs
  2 giant cockroaches (D:1)
  8 goblins
  A hobgoblin (D:1)
  9 jackals
  3 quokkas
  13 bats
  7 frilled lizards
  27 kobolds
  9 rats
203 creatures vanquished.

Vanquished Creatures (collateral kills)
  2 two-headed ogres
  Pikel (D:6)
  Psyche (D:8)
  The ghost of Gorglomux the Poker, an amateur MfSk (D:4)
  3 yaks (D:9)
  A human (D:6)
  An orc warrior (D:9)
  2 sky beasts
  An ogre (D:6)
  A centaur (D:7)
  5 big kobolds
  A bullfrog (D:10)
  2 scorpions (D:8)
  A killer bee (D:9)
  4 howler monkeys
  3 crimson imps
  A hound (D:7)
  A bullfrog zombie (D:5)
  A jelly (D:6)
  An orc priest (D:6)
  2 iguanas
  4 orc wizards
  2 worker ants
  4 gnolls
  3 adders
  A shadow imp (D:8)
  An adder zombie (D:6)
  A worm (D:2)
  A leopard gecko (D:2)
  7 orcs
  A giant cockroach (D:3)
  7 jackals
  A quokka (D:2)
  A kobold (D:8)
  A rat (D:3)
71 creatures vanquished.

Vanquished Creatures (others)
  A jelly (D:6)
  2 hexers (D:9)
  3 ancestors (D:3)
  An orc (D:6)
7 creatures vanquished.

Grand Total: 281 creatures vanquished

Notes
Turn   | Place    | Note
-------+----------+-------------------------------------------
     0 | D:1      | Alarkh the Demonspawn Fighter began the quest for the Orb.
     0 | D:1      | Reached XP level 1. HP: 18/18 MP: 1/1
     1 | D:1      | Noticed an electric eel
   183 | D:1      | Reached skill level 2 in Long Blades
   306 | D:1      | Gained mutation: You sometimes gain a little power by taking damage. [demonic ancestry]
   306 | D:1      | Reached XP level 2. HP: 24/24 MP: 2/2
  1037 | D:2      | Found a blossoming altar of Fedhas.
  1055 | D:2      | Reached XP level 3. HP: 29/29 MP: 3/3
  1059 | D:2      | Found a hazy altar of Hepliaklqana.
  1107 | D:2      | Reached skill level 1 in Dodging
  1135 | D:2      | Became a worshipper of Hepliaklqana the Forgotten
  1508 | D:2      | Reached XP level 4. HP: 28/31 MP: 4/4
  1732 | D:2      | Found a radiant altar of Vehumet.
  1885 | D:3      | Noticed an ogre
  1894 | D:3      | Killed an ogre
  1894 | D:3      | Reached skill level 3 in Long Blades
  1894 | D:3      | Reached XP level 5. HP: 36/36 MP: 5/5
  2278 | D:3      | Noticed a necrophage
  2305 | D:3      | Killed a necrophage
  2305 | D:3      | Reached XP level 6. HP: 34/42 MP: 6/6
  3082 | D:3      | Found a deep blue altar of Sif Muna.
  3489 | D:4      | Noticed Gorglomux's ghost (amateur MfSk)
  3509 | D:4      | Killed Gorglomux's ghost
  3509 | D:4      | Reached skill level 4 in Long Blades
  3509 | D:4      | Gained mutation: You have sharp toenails. [demonic ancestry]
  3509 | D:4      | Reached XP level 7. HP: 20/47 MP: 7/7
  4017 | D:4      | Reached * piety under Hepliaklqana
  4030 | D:4      | Reached skill level 12 in Long Blades
  4030 | D:4      | Gained mutation: You have razor-sharp toenails. [demonic ancestry]
  4030 | D:4      | Reached XP level 8. HP: 47/53 MP: 8/8
  4368 | D:4      | Found a staircase to the Ecumenical Temple.
  4388 | Temple   | Entered the Ecumenical Temple
  5055 | D:5      | Entered Level 5 of the Dungeon
  5174 | D:5      | Found a runed door.
  5276 | D:5      | Found a sacrificial altar of Ru.
  5377 | D:5      | Noticed Blork the orc
  5387 | D:5      | Killed Blork the orc
  5466 | D:5      | Reached ** piety under Hepliaklqana
  5467 | D:5      | Remembered your ancestor Nenetl as a hexer
  5672 | D:5      | Gained mutation: You are partially covered in thin metallic scales. (AC +2) [demonic ancestry]
  5672 | D:5      | Reached XP level 9. HP: 54/58 MP: 9/9
  6113 | D:5      | Noticed Crazy Yiuf
  6117 | D:5      | Killed Crazy Yiuf
  6520 | D:6      | Found a shattered altar of Ashenzari.
  6533 | D:6      | Noticed Pikel
  6559 | D:6      | Killed Pikel
  6559 | D:6      | Reached skill level 5 in Fighting
  6873 | D:6      | Found a runed door.
  6883 | D:6      | Found a basalt altar of Yredelemnul.
  7715 | D:7      | Reached *** piety under Hepliaklqana
  8321 | D:7      | Gained mutation: You sometimes gain power by taking damage. [demonic ancestry]
  8321 | D:7      | Reached XP level 10. HP: 65/65 MP: 10/10
  8512 | D:7      | Found an ancient bone altar of Kikubaaqudgha.
  8864 | D:8      | Found a burning altar of Makhleb.
  8907 | D:8      | Found an ornate altar of the Wu Jian Council.
  8921 | D:8      | Reached skill level 5 in Armour
  9081 | D:8      | Noticed a two-headed ogre
  9096 | D:8      | Killed a two-headed ogre
  9096 | D:8      | Reached skill level 5 in Shields
  9099 | D:8      | Noticed Psyche
  9114 | D:8      | Killed Psyche
  9265 | D:8      | Reached skill level 14 in Long Blades
  9265 | D:8      | Gained mutation: You are mostly covered in thin metallic scales. (AC +3) [demonic ancestry]
  9265 | D:8      | Reached XP level 11. HP: 56/71 MP: 11/11
  9462 | D:8      | Found a shadowy altar of Dithmenos.
  9579 | D:8      | Found a hide-covered altar of Uskayaw.
  9579 | D:8      | Found a shadowy altar of Dithmenos.
  9833 | D:9      | Reached **** piety under Hepliaklqana
  9942 | D:9      | Found a staircase to the Lair.
 10070 | D:9      | Noticed a two-headed ogre
 10083 | D:9      | Killed a two-headed ogre
 10599 | D:9      | Found a sparkling altar of Nemelex Xobeh.
 10772 | D:9      | Noticed a soul eater
 11222 | D:9      | Reached skill level 5 in Dodging
 11517 | D:9      | Found an opulent altar of Gozag.
 11576 | D:10     | Entered Level 10 of the Dungeon
 11577 | D:10     | Noticed a two-headed ogre
 11590 | D:10     | Killed a two-headed ogre
 11938 | D:10     | Noticed Harold
 11976 | D:10     | Killed Harold
 12185 | D:10     | You fall through a shaft for 3 floors!
 12185 | D:13     | Noticed a cyan ugly thing
 12191 | D:12     | Noticed a six-headed hydra
 12197 | D:12     | Mangled by a six-headed hydra

Vault maps used:
D:1:      arrival_aquarium_a
D:2:      lemuel_crystal_altar, old_standard_altar, old_standard_altar
D:3:      overflow_temple_1_default, first_bread
D:4:      minmay_door_path, temple_hall
D:5:      nicolae_ru_sacrificial_ziggurat, grunt_tough_drop, uniq_blork_the_orc,
          uniq_crazy_yiuf_cottage
D:6:      ashenzari_conservatory_becter, dk_yredelemnul_ordeal, uniq_pikel
D:7:      lemuel_coloured_pillars_altar, grunt_ogre_cave
D:8:      old_standard_altar, overflow_temple_1_default,
          amethyst_overflow_temple_binary,
          nicolae_dithmenos_through_a_glass_darkly, uniq_psyche
D:9:      lemuel_doored_altar, lair_entry_dummy, grunt_gozag_breadcrumbs
D:10:     david_orc_3, basic_altar, kennysheep_minor_cross,
          grunt_decor_mini_mirrors, uniq_harold, uniq_sonja
D:12:     serial_bayou_pond_a, nemelex_diamond_rough_becter
D:13:     enter_trove_3, grunt_ministairs_12, st_stairs_12
Temple:   zaba_magenta_temple

Skill      XL: |  1  2  3  4  5  6  7  8  9 10 11 |
---------------+----------------------------------+-----
Long Blades    | 2 3 4 12 14 | 14.9
Dodging        | 1 2 3 4 5 |  5.3
Shields        | 3 4 5 |  5.8
Armour         | 3 4 5 |  5.8
Fighting       | 4 5 6 |  6.3

Action                   |  1- 3 |  4- 6 |  7- 9 | 10-12 || total
-------------------------+-------+-------+-------+-------++-------
Melee: Long sword        |   117 |   103 |   372 |   475 ||  1067
       Dagger            |       |    27 |       |       ||    27
Invok: Recall Ancestor   |       |     2 |     2 |     3 ||     7
       Ancestor Life: He |       |       |     1 |       ||     1
  Use: Potion            |     3 |     2 |     1 |     3 ||     9
       Scroll            |       |     1 |    10 |       ||    11
 Stab: Distracted        |       |     1 |     6 |     2 ||     9
       Confused          |       |       |     1 |     5 ||     6
  Eat: Chunk             |     2 |     6 |    15 |    13 ||    36
       Fruit             |       |     1 |       |       ||     1
Armor: Scale mail        |    59 |    49 |    40 |       ||   148
       Robe              |       |       |    64 |    82 ||   146
       Skin              |       |       |       |    40 ||    40
       Ring mail         |       |       |       |     4 ||     4
Dodge: Dodged            |    35 |    24 |   108 |   190 ||   357
Block: Shield            |    67 |    59 |   156 |   230 ||   512
       Rpst.: Long sword |    11 |     4 |    35 |    60 ||   110
